 Dungeon Crawl Stone Soup version 0.29.1-13-g9f3cf754e1 (webtiles) character file.

Game seed: 18057971693924509098

16934 McKennaii the Destroyer (level 11, -3/74 HPs)
             Began as a Demigod Conjurer on Jan 28, 2023.
             Shot with an arrow by Nessos (14 damage)
             ... on level 12 of the Dungeon.
             The game lasted 00:22:42 (16916 turns).

McKennaii the Destroyer (Demigod Conjurer)         Turns: 16916, Time: 00:22:43

Health: -3/74      AC:  7    Str:  8    XL:     11   Next: 86%
Magic:  31/31      EV: 15    Int: 38    God:
Gold:   825        SH:  0    Dex: 14    Spells: 23/33 levels left

rFire   + . .      SeeInvis .   x - staff of conjuration
rCold   x . .      Faith    .   (no shield)
rNeg    + . .      Spirit   .   H - +1 robe {Archmagi}
rPois   .          Reflect  .   o - +1 helmet
rElec   .          Harm     .   D - +0 cloak
rCorr   .          Rampage  .   a - +0 pair of gloves
Will    +....      Archmagi +   (no boots)
Stlth   ++........              (no amulet)
HPRegen 0.22/turn               t - ring of the Invaders {Fire rN+ Dex+2}
MPRegen 0.22/turn               y - +6 ring of intelligence

@: lethally poisoned (-3 -> -13), about to teleport
A: high MP 1, forlorn, divine attributes
a: no special abilities


You were on level 12 of the Dungeon.
You visited 2 branches of the dungeon, and saw 13 of its levels.

You collected 825 gold pieces.

Inventory:

Hand Weapons
 w - a +3 rapier of venom
Armour
 a - a +0 pair of gloves (worn)
 c - a +0 kite shield
 o - a +1 helmet (worn)
 D - a +0 cloak (worn)
 H - a +1 robe of the Archmagi (worn)
Magical Staves
 x - a staff of conjuration (weapon)
Jewellery
 f - a ring of resist corrosion
 i - a ring of flight
 t - the ring of the Invaders (left hand) {Fire rN+ Dex+2}
   (You found it on level 3 of the Dungeon)

   [ring of fire]

   It enhances your fire magic.
   Dex:       It affects your dexterity (+2).
   rF:        It protects you from fire.
   rC:        It makes you vulnerable to cold.
   rN:        It protects you from negative energy.
 y - a +6 ring of intelligence (right hand)
 C - a +6 ring of strength
Wands
 n - a wand of polymorph (13)
 B - a wand of light (14)
 G - a wand of iceblast (3)
 L - a wand of flame (10)
Scrolls
 e - 3 scrolls of teleportation
 h - 2 scrolls of torment
 j - 6 scrolls of immolation
 l - a scroll of amnesia
 m - 2 scrolls of enchant weapon
 q - 2 scrolls of blinking
 r - a scroll of poison {unknown}
 s - 4 scrolls of magic mapping {unknown}
 A - a scroll of acquirement {unknown}
 E - 2 scrolls of fear {unknown}
 I - a scroll of butterflies {unknown}
 J - a scroll of noise {unknown}
 M - 2 scrolls of identify
 N - a scroll of enchant armour
 O - a scroll of summoning {unknown}
Potions
 b - 5 potions of magic
 d - 6 potions of curing
 g - 3 potions of attraction
 k - 2 potions of mutation
 p - a potion of invisibility
 u - 2 potions of brilliance {unknown}
 v - 5 potions of degeneration {unknown}
 z - 3 potions of lignification {unknown}
 F - 4 potions of haste {unknown}
 K - a potion of berserk rage {unknown}


   Skills:
 + Level 7.2 Dodging
 - Level 2.0 Stealth
 * Level 11.5 Spellcasting
 + Level 11.6 Conjurations
 - Level 4.0 Earth Magic


You had 23 spell levels left.
You knew the following spells:

 Your Spells              Type           Power      Damage    Failure   Level
a - Magic Dart            Conj           100%       1d8       0%          1
b - Searing Ray           Conj           100%       2d8       1%          2
c - Iskenderun's Mystic   Conj/Tloc      99%        2d19      1%          4
d - Stone Arrow           Conj/Erth      100%       3d13      1%          3

Your spell library contained the following spells:

 Spells                   Type           Power      Damage    Failure   Level
 Apportation              Tloc           64%        N/A       1%          1
 Beastly Appendage        Tmut           64%        N/A       1%          1
 Necrotise                Necr           100%       1d9       1%          1
 Sandblast                Erth           100%       2d20      1%          1
 Shock                    Conj/Air       100%       1d9       1%          1
 Summon Small Mammal      Summ           100%       N/A       1%          1
 Passwall                 Tmut/Erth      44%        N/A       1%          2
 Conjure Flame            Conj/Fire      100%       6-21      1%          3
 Dazzling Flash           Conj/Hex       100%       N/A       1%          3
 Mephitic Cloud           Conj/Pois/Air  86%        N/A       1%          3
 Fulminant Prism          Conj/Hex       49%        3d21      1%          4
 Sticky Flame             Conj/Fire      100%       2d11      1%          4
 Call Imp                 Summ           32%        N/A       2%          2
 Wereblood                Tmut           32%        N/A       2%          2
 Ignite Poison            Fire/Tmut/Pois 49%        N/A       5%          3
 Spider Form              Tmut/Pois      32%        N/A       5%          3
 Swiftness                Air            32%        N/A       5%          3
 Airstrike                Air            16%        2d(3-19)  17%         4


Dungeon Overview and Level Annotations

Branches:
Dungeon (12/15)            Temple (1/1) D:7            Lair (0/5) D:8
    Orc: D:9-12

Shops:
D:3 (

Portals:
Abyss: D:4

Annotations:
D:4 2 transporters, MinkTDR's ghost, amateur DECj
D:12 Nessos


Innate Abilities, Weirdness & Mutations

You have an increased reservoir of magic. (+10% MP)
You shall have no god before yourself.
Your divine heritage dramatically boosts your attributes as you level up.


Message History

Nessos shouts!
The troll shouts!
You hear a bellow! x2
Nessos wields a +2 longbow of flaming.
It bursts into flame!
Nessos shoots an arrow.
The arrow hits you! The arrow burns you.
You are poisoned.
You hear a bellow! x2
Found a scroll of immolation.
Found a stone staircase leading up and a stone staircase leading down.
As you read the scroll of teleportation, it crumbles to dust.
You feel strangely unstable.
You feel very sick.
Nessos mumbles some strange words.
Nessos blinks!
You close the door.
You feel very sick.
Your surroundings seem slightly different.
You feel very sick.
You feel sick.
Nessos opens the door.
Nessos says, "Even if you were a mare, I'd kill you!"
Nessos mumbles some strange words.
Nessos seems to speed up.
You feel sick.
As you read the scroll of teleportation, it crumbles to dust.
You feel strangely unstable.
You feel sick.
Nessos gestures wildly while chanting.
Nessos blinks!
You feel sick.
Nessos shoots an arrow.
The arrow hits you!!
* * * LOW HITPOINT WARNING * * *
The arrow burns you.
You are lethally poisoned!
* * * LOW HITPOINT WARNING * * *
Nessos casts a spell.
Nessos blinks!
Unknown command.
You feel better.
Nessos shoots an arrow.
The arrow hits you!
* * * LOW HITPOINT WARNING * * *
The arrow burns you.
You are poisoned.
* * * LOW HITPOINT WARNING * * *
Nessos shoots an arrow.
The arrow hits you!
You die...

.........†..............#
........<...............#
.........########..c....#
.........# #.......# #........#
#.......# ####### #........#
+.......###...... ###......#
#................ ..+......#
#####...§............
..#......####...@................
..+.............T...............#
..#....................######...#
###....................# #...#
...........####'##++#### #...#
......>....# ... #...#
...........# ..?.. #...#
####.......#.....<. #...#
...#.......#.....c.> #...#


You could see Nessos (fast) and a troll.

Vanquished Creatures
  Kirke (D:12)
  3 two-headed ogres
  Erolcha (D:12)
  Sonja (D:10)
  Lodul (D:10)
  Pikel (D:7)
  2 ugly things (D:11)
  A cyclops (D:11)
  Joseph (D:10)
  Psyche (D:12)
  A troll (D:12)
  A hornet (D:10)
  Prince Ribbit (D:7)
  3 slime creatures (D:10)
  Sigmund (D:3)
  A wyvern (D:9)
  Eustachio (D:4)
  4 wraiths
  3 hogs (D:12)
  11 yaks
  Edmund (D:5)
  3 steam dragons
  2 wargs (D:8)
  2 acid dragons (D:11)
  Duvessa (D:5)
  4 orc warriors
  A black bear (D:4)
  A sky beast (D:7)
  4 centaurs
  11 ogres
  2 kobold brigands
  A lemure (D:7)
  2 bullfrogs
  A necrophage (D:5)
  2 gnoll sergeants
  2 scorpions
  A water moccasin zombie (D:5)
  13 wights
  Dowan (D:5)
  9 killer bees
  2 howler monkeys
  A bullfrog zombie (D:5)
  A jelly (D:5)
  A centaur zombie (D:5)
  A human zombie (D:5)
  5 orc priests
  Crazy Yiuf (D:2)
  5 hounds
  2 gnoll boudas
  2 iguanas (D:6)
  A scorpion zombie (D:5)
  Ijyb (D:5)
  12 orc wizards
  Terence (D:3)
  A killer bee zombie (D:5)
  A hound zombie (D:5)
  A howler monkey zombie (D:5)
  17 gnolls
  4 adders
  A shadow imp (D:7)
  A white imp (D:5)
  2 worms
  A dart slug (D:1)
  30 orcs
  6 ball pythons
  4 endoplasms
  4 giant cockroaches
  7 goblins
  2 hobgoblins (D:3)
  7 jackals
  5 quokkas
  2 training dummies (D:7)
  5 bats
  A frilled lizard (D:3)
  13 kobolds
  2 rats
257 creatures vanquished.

Notes
Turn   | Place    | Note
-------+----------+-------------------------------------------
     0 | D:1      | McKennaii the Demigod Conjurer began the quest for the Orb.
     0 | D:1      | Reached XP level 1. HP: 14/14 MP: 5/5
   261 | D:1      | Reached XP level 2. HP: 2/20 MP: 1/7
   265 | D:1      | HP: 1/20 [jackal (1)]
  1685 | D:2      | Reached XP level 3. HP: 26/26 MP: 5/9
  1759 | D:2      | Learned a level 2 spell: Searing Ray
  1875 | D:2      | Found a runed translucent door.
  1876 | D:2      | Noticed Crazy Yiuf
  2289 | D:3      | Found Roter's Weapon Boutique.
  2336 | D:3      | Identified the ring of the Invaders {Fire rN+ Dex+2}
  2394 | D:3      | Noticed Sigmund
  2508 | D:4      | Found a transporter.
  2508 | D:4      | Noticed a small abomination
  2644 | D:4      | Found a one-way gate to the infinite horrors of the Abyss.
  2646 | D:4      | Found a transporter.
  2649 | D:4      | Noticed Eustachio
  2697 | D:4      | Killed Eustachio
  2698 | D:4      | Reached XP level 4. HP: 25/33 MP: 0/11
  2698 | D:4      | Reached XP level 5. HP: 29/38 MP: 0/12
  2795 | D:4      | Noticed MinkTDR's ghost (amateur DECj)
  2807 | D:4      | Noticed a small abomination
  2891 | D:4      | Learned a level 4 spell: Iskenderun's Mystic Blast
  2895 | D:4      | Learned a level 3 spell: Stone Arrow
  2911 | D:3      | Noticed Terence
  2922 | D:3      | Killed Terence
  3232 | D:3      | Killed Sigmund
  3233 | D:3      | Reached skill level 5 in Conjurations
  3233 | D:3      | Reached skill level 1 in Earth Magic
  3233 | D:3      | Reached XP level 6. HP: 45/45 MP: 4/14
  3330 | D:2      | Killed Crazy Yiuf
  4270 | D:4      | Noticed a toenail golem
  4353 | D:5      | Entered Level 5 of the Dungeon
  4393 | D:5      | Reached XP level 7. HP: 50/50 MP: 7/16
  4673 | D:5      | Noticed Ijyb
  4680 | D:5      | Killed Ijyb
  5109 | D:5      | Noticed Duvessa
  5118 | D:5      | Noticed Dowan
  5282 | D:5      | Noticed Edmund
  5294 | D:5      | Killed Edmund
  5746 | D:5      | Reached skill level 5 in Dodging
  5746 | D:5      | Reached XP level 8. HP: 57/57 MP: 8/18
  6348 | D:5      | Killed Dowan
  6525 | D:5      | Killed Duvessa
  6526 | D:5      | Reached skill level 5 in Spellcasting
  7697 | D:7      | Noticed Pikel
  7703 | D:7      | Killed Pikel
  7704 | D:7      | Reached XP level 9. HP: 62/62 MP: 5/21
  7875 | D:6      | Noticed a rust devil
  7875 | D:6      | Noticed a rust devil
  8411 | D:7      | Found a staircase to the Ecumenical Temple.
  8425 | D:7      | Noticed Prince Ribbit
  8427 | D:7      | Killed Prince Ribbit
  8563 | Temple   | Entered the Ecumenical Temple
  9478 | D:8      | Reached XP level 10. HP: 64/69 MP: 15/25
  9984 | D:8      | Found a staircase to the Lair.
 10986 | D:9      | Reached skill level 10 in Conjurations
 11974 | D:10     | Entered Level 10 of the Dungeon
 12005 | D:10     | Identified the +7 morningstar of Tartarus {flame, rPois rF+
                  | Str-2 Stlth+}
 12054 | D:10     | Noticed a two-headed ogre
 12058 | D:10     | Killed a two-headed ogre
 12353 | D:10     | Noticed Joseph
 12671 | D:10     | Noticed Lodul
 12823 | D:10     | Killed Joseph
 12934 | D:10     | Noticed a two-headed ogre
 12942 | D:10     | Killed a two-headed ogre
 13486 | D:10     | Noticed Sonja
 13747 | D:10     | Killed Lodul
 13748 | D:10     | Reached skill level 10 in Spellcasting
 13748 | D:10     | Reached XP level 11. HP: 74/74 MP: 16/29
 13793 | D:10     | Killed Sonja
 15424 | D:11     | Noticed a two-headed ogre
 15427 | D:11     | Killed a two-headed ogre
 16228 | D:12     | Noticed Psyche
 16365 | D:12     | Noticed Erolcha
 16368 | D:12     | Killed Erolcha
 16413 | D:12     | Killed Psyche
 16546 | D:12     | Noticed Kirke
 16616 | D:12     | Noticed a lindwurm
 16669 | D:12     | Killed Kirke
 16908 | D:12     | Noticed Nessos
 16916 | D:12     | Shot with an arrow by Nessos

Illustrated notes

Levels and vault maps discovered:
D:1:      denvon_arrival_planthouse, layout_loops_corners
D:2:      layout_basic, uniq_crazy_yiuf_cottage
D:3:      layout_loops_ring, serial_shops, shop, kennysheep_generic_room_7,
          uniq_sigmund, uniq_terence
D:4:      layout_cave_pools, nicolae_overflow_hallway_of_the_gods,
          gammafunk_ghost_abyssal_escape, hangedman_decor_push, uniq_eustachio
D:5:      layout_basic, lemuel_round_altar, lemuel_mausoleum_altar_yredelemnul,
          dreamdust_princess_bridge, uniq_edmund, uniq_ijyb, uniq_duvessa
D:6:      cheibrodos_iron_armory, layout_loops_ring,
          mainiacjoe_overflow_boulevard
D:7:      dreamdust_elfheim, layout_cave_pools, minmay_temple_entry_arrows,
          uniq_pikel, uniq_prince_ribbit1
D:8:      layout_basic, erik_lair_orcish_takeover
D:9:      layout_layer_cave, serial_glass, glass_columns_a, glass_columns_b,
          feat_on_display
D:10:     layout_gridville, uniq_sonja, uniq_joseph, uniq_lodul
D:11:     layout_loops_corners, minmay_misc_feat_doors, grunt_ministairs_8
D:12:     layout_irregular_city, david_orc_3, cheibrodos_ashenzari_chains,
          uniq_erolcha, uniq_nessos, uniq_psyche, uniq_kirke
Temple:   hellmonk_temple_of_storms

Skill      XL: |  1  2  3  4  5  6  7  8  9 10 11 |
---------------+----------------------------------+-----
Stealth        | 2 |  2.0
Dodging        | 2 3 4 5 6 7 |  7.2
Spellcasting   | 2 3 4 5 7 10 11 | 11.5
Conjurations   | 4 5 7 9 10 11 | 11.6
Earth Magic    | 1 2 3 4 |  4.0

Action                   |  1- 3 |  4- 6 |  7- 9 | 10-12 || total
-------------------------+-------+-------+-------+-------++-------
Melee: Unarmed           |    18 |       |       |       ||    18
       Staff             |       |       |     4 |       ||     4
       Rapier            |       |       |    10 |     1 ||    11
 Cast: Magic Dart        |    79 |    44 |   151 |   135 ||   409
       Searing Ray       |     3 |     3 |     9 |    16 ||    31
       Stone Arrow       |       |     7 |    80 |   105 ||   192
       Iskenderun's Myst |       |       |    16 |    37 ||    53
Evoke: Wand              |       |       |     1 |     4 ||     5
  Use: Scroll            |       |       |     9 |     4 ||    13
       Potion            |       |       |       |     1 ||     1
Armor: Robe              |    10 |       |     9 |    11 ||    30
Dodge: Dodged            |    40 |     5 |    52 |    46 ||   143
